Map: Persephone LE

Players

ManlyManMeat

  • Race: Zerg Zerg
  • League: Diamond
  • Spawn Location: 7:00

VOD

Have the link to the VOD?

Description

Time

  • Played on: July 14, 2025, 1:16 p.m.
  • Length: 4:54
Show
View Real Time Build Order
Export as new Build Order

ManlyManMeat Zerg 

Build Orders:  

Get SALT Encoding   

  12  0:00  Drone  
  13  0:11  Drone  
  13  0:19  Extractor  
  13  0:21  Drone  
  15  0:36  Overlord  
  15  1:02  Drone  
  15  1:07  Hatchery  
  15  1:10  Drone  
  15  1:14  Drone  
  15  1:19  Drone  
  18  1:33  Extractor  
  17  1:42  Spawning Pool  
  17  1:45  Drone  
  17  1:50  Drone  
  18  2:02  Drone  
  19  2:21  Drone  
  20  2:34  Drone  
  21  2:48  Queen  
  21  2:49  Queen  
  25  2:50  Zergling x2  
  25  2:51  Overlord  
  26  3:08  Drone x2  
  28  3:19  Drone x2  
  30  3:35  Drone x2  
  30  3:39  Queen  
  34  3:55  Hatchery  
  32  4:02  Overlord  
  32  4:17  Drone x3  
  35  4:32  Drone x3  
  35  4:33  Drone  
Tags
 
Add a new tag
Caveats
  • Supply blocks, unpowered buildings, or Contaminate may cause inaccurate times.
  • Supply counts are checked every 10 seconds.